 Dungeon Crawl Stone Soup version 0.21.0-37-g46506fa (webtiles) character file.

41 tidbits the Ducker (level 3, 27/35 HPs)
             Began as a Gnoll Monk on Jan 30, 2018.
             Quit the game on level 3 of the Dungeon.
             The game lasted 00:04:00 (412 turns).

tidbits the Ducker (Gnoll Monk)                      Turns: 412, Time: 00:04:00

Health: 27/35      AC:  2    Str: 13    XL:     3   Next: 52%
Magic:  13/13      EV: 17    Int: 13    God:    Xom [..*...]
Gold:   62         SH:  0    Dex: 19    Spells: 3/3 levels left

rFire    . . .     SeeInvis .   j - +0 dagger (curse)
rCold    . . .     Gourm    .   (no shield)
rNeg     . . .     Faith    .   b - +0 robe
rPois    .         Spirit   .   (no helmet)
rElec    .         Reflect  .   (no cloak)
rCorr    .         Harm     .   (no gloves)
MR       .....                  (no boots)
Stlth    +++.......             (no amulet)
HPRegen  0.11/turn              g - ring of magical power
MPRegen  0.13/turn              i - +2 ring of dexterity

@: no status effects
A: distributed training, fangs 1, strong nose
a: Renounce Religion


You were on level 3 of the Dungeon.
You worshipped Xom.
You were a toy of Xom.
You were not hungry.

You visited 1 branch of the dungeon, and saw 3 of its levels.

You collected 62 gold pieces.

Inventory:

Hand Weapons
 a - a +0 short sword
 e - a +0 dagger
 j - a cursed +0 dagger (weapon)
 m - a cursed -3 trident
Missiles
 d - 30 stones (quivered)
Armour
 b - a +0 robe (worn)
Jewellery
 g - a ring of magical power (left hand)
   (You found it on level 2 of the Dungeon)
 i - a +2 ring of dexterity (right hand)
   (You found it on level 1 of the Dungeon)
Scrolls
 f - a scroll of identify
 h - a scroll of teleportation
 l - a scroll of remove curse {unknown}
Potions
 k - a potion of curing {unknown}
 n - a potion of lignification {unknown}
Comestibles
 c - 3 rations


   Skills:
 + Level 6.5 Fighting
 + Level 6.5 Short Blades
 + Level 0.8 Long Blades
 + Level 0.8 Axes
 + Level 0.8 Maces & Flails
 + Level 0.8 Polearms
 + Level 0.8 Staves
 + Level 0.8 Slings
 + Level 0.8 Bows
 + Level 0.8 Crossbows
 + Level 0.8 Throwing
 + Level 0.8 Armour
 + Level 6.5 Dodging
 + Level 4.1 Stealth
 + Level 0.8 Shields
 + Level 0.8 Unarmed Combat
 + Level 0.8 Spellcasting
 + Level 0.5 Conjurations
 + Level 0.5 Hexes
 + Level 0.5 Charms
 + Level 0.5 Summonings
 + Level 0.5 Necromancy
 + Level 0.5 Translocations
 + Level 0.5 Transmutations
 + Level 0.5 Fire Magic
 + Level 0.5 Ice Magic
 + Level 0.5 Air Magic
 + Level 0.5 Earth Magic
 + Level 0.5 Poison Magic
 + Level 1.0 Invocations
 + Level 0.8 Evocations


You had 3 spell levels left.
You didn't know any spells.

Dungeon Overview and Level Annotations

Branches:
Dungeon (3/15)

Altars:
Xom


Innate Abilities, Weirdness & Mutations

Your experience applies equally to all skills.
You have very sharp teeth.
Your uncanny sense of smell can sniff out nearby items.


Message History

The giant cockroach bites you.
You hit the giant cockroach but do no damage.
The giant cockroach is almost dead.
The giant cockroach misses you.
You hit the giant cockroach.
You kill the giant cockroach!
There is a stone staircase leading down here.
You climb downwards.
There is a stone staircase leading up here.
Unknown command.
Unknown command.
Found a trident.
You see here a trident.
m - a trident A worm comes into view.
Found 10 stones.
You barely miss the worm. The worm misses you.
You hit the worm.
The worm is lightly wounded.
You hit the worm.
The worm is moderately wounded.
You hit the worm.
The worm is moderately wounded.
The worm closely misses you.
You hit the worm but do no damage.
The worm is moderately wounded.
You barely miss the worm. You bite the worm, but do no damage.
The worm is moderately wounded.
The worm misses you.
You hit the worm.
The worm is moderately wounded.
You barely miss the worm.
The worm is moderately wounded.
You hit the worm. You bite the worm, but do no damage.
The worm is heavily wounded.
The worm closely misses you.
You hit the worm.
The worm is heavily wounded.
You hit the worm. You bite the worm, but do no damage.
The worm is severely wounded.
The worm closely misses you.
You barely miss the worm.
The worm is severely wounded.
You hit the worm but do no damage.
The worm is severely wounded.
You hit the worm. You bite the worm, but do no damage.
The worm is severely wounded.
The worm closely misses you.
You hit the worm but do no damage.
The worm is severely wounded.
You barely miss the worm. You bite the worm, but do no damage.
The worm is severely wounded.
The worm bites you.
You hit the worm.
The worm is severely wounded.
You hit the worm.
The worm is almost dead.
You hit the worm. Your bite misses the worm.
The worm is almost dead.
The worm bites you.
You hit the worm.
You kill the worm!
Your Invocations skill increases to level 1!
You see here a worm corpse.
You see here 10 stones.
d - 30 stones (gained 10)
There is a stone staircase leading down here.
You climb downwards.
There is a stone staircase leading up here.
Unknown command.
Found a stone staircase leading up.
There is a stone staircase leading up here.
You climb upwards.
A worm comes into view.
Found a plate armour.
There is a stone staircase leading down here.
You climb downwards.
There is a stone staircase leading up here.
Unknown command.
You see here 8 gold pieces.
You now have 62 gold pieces (gained 8).
There is a stone staircase leading up here.
Found a sedimented silvery potion.
Unknown command.
Found a faded altar of an unknown god.
You see here a sedimented silvery potion.
n - a sedimented silvery potion
There is a faded altar of an unknown god here.
You cannot tell which god this altar belongs to.
Convert to them anyway?
Okay, then.
Put on which piece of jewellery? (? for menu, Esc to quit)
You don't have any such object.
Put on which piece of jewellery? (? for menu, Esc to quit)
Huh?
Put on which piece of jewellery? (? for menu, Esc to quit)
Okay, then.
You cannot tell which god this altar belongs to.
Convert to them anyway?
Xom accepts your prayer! Xom welcomes you!
Are you sure you want to abandon this character and quit the game? (Confirm with "yes".)

.####.. .......#
.......# #......##
........######. ###
#............. #.#
#.##..8.......### #.#
#.##.8@8........####.##
.
#.##..8..#.####<.......
.. ###.##.....#.#
###...... ...#
#......#.....# #......
.....#.....######.#
#...... #........# ##.#
#......
##.......#####..#
#...... ###.......#...#
#######
#.......#.....#####


There were no monsters in sight!

Vanquished Creatures
  A worm (D:2)
  4 dart slugs (D:1)
  A leopard gecko (D:2)
  A giant cockroach (D:1)
  8 goblins
  2 hobgoblins (D:1)
  4 jackals (D:1)
  3 bats
  A kobold (D:2)
  A rat (D:1)
26 creatures vanquished.

Notes
Turn   | Place    | Note
-------+----------+-------------------------------------------
     0 | D:1      | tidbits the Gnoll Monk began the quest for the Orb.
     0 | D:1      | Reached XP level 1. HP: 23/23 MP: 1/1
    46 | D:1      | Reached XP level 2. HP: 17/29 MP: 2/2
   125 | D:1      | Reached XP level 3. HP: 17/35 MP: 3/3
   332 | D:2      | Reached skill level 1 in Invocations
   401 | D:3      | Found a faded altar of an unknown god.
   411 | D:3      | Became a worshipper of Xom the Tricky
   412 | D:3      | Quit the game

Skill      XL: |  1  2  3 |
---------------+----------+-----
Invocations    | 1 |  1.0
Fighting       | |  6.5
Short Blades   | |  6.5
Long Blades    | |  0.8
Axes           | |  0.8
Maces & Flails | |  0.8
Polearms       | |  0.8
Staves         | |  0.8
Slings         | |  0.8
Bows           | |  0.8
Crossbows      | |  0.8
Throwing       | |  0.8
Armour         | |  0.8
Dodging        | |  6.5
Stealth        | |  4.1
Shields        | |  0.8
Unarmed Combat | |  0.8
Spellcasting   | |  0.8
Conjurations   | |  0.5
Hexes          | |  0.5
Charms         | |  0.5
Summonings     | |  0.5
Necromancy     | |  0.5
Translocations | |  0.5
Transmutations | |  0.5
Fire Magic     | |  0.5
Ice Magic      | |  0.5
Air Magic      | |  0.5
Earth Magic    | |  0.5
Poison Magic   | |  0.5
Evocations     | |  0.8

Action                   || total
-------------------------++-------
Melee: Short sword       ||    34
       Bite              ||    18
       Dagger            ||    68
  Use: Scroll            ||     1
 Stab: Sleeping          ||     2
Armor: Robe              ||     7
Dodge: Dodged            ||    55

Table legend:
 A = Turns spent in this place as a percentage of turns spent in the entire game.
 B = Non-inter-level travel turns spent in this place as a percentage of non-inter-level travel turns spent in the entire game.
 C = Inter-level travel turns spent in this place as a percentage of turns spent in this place.
 D = Turns resting spent in this place as a percentage of non-inter-level travel turns spent in this place.
 E = Turns spent auto-exploring this place as a percentage of non-inter-level travel turns spent in this place.
 F = Non-inter-level travel turns spent in this place divided by the number of levels of this place that you've seen.
                   A       B       C       D       E      F
               +-------+-------+-------+-------+-------+----------------------
         Total | 100.0 | 100.0 |   0.0 |   0.0 |   0.0 | 137.3
       Dungeon | 100.0 | 100.0 |   0.0 |   0.0 |   0.0 | 137.3
               +-------+-------+-------+-------+-------+----------------------

Table legend:
 A = Kills in this place as a percentage of kills in entire the game.
 B = Kills by you in this place as a percentage of kills by you in the entire game.
 C = Kills by friends in this place as a percentage of kills by friends in the entire game.
 D = Other kills in this place as a percentage of other kills in the entire game.
 E = Experience gained in this place as a percentage of experience gained in the entire game.
 F = Experience gained in this place divided by the number of levels of this place that you have seen.
                   A       B       C       D       E      F
               +-------+-------+-------+-------+-------+----------------------
         Total | 100.0 | 100.0 |   N/A |   N/A | 100.0 |  19.7
       Dungeon | 100.0 | 100.0 |   N/A |   N/A | 100.0 |  19.7
               +-------+-------+-------+-------+-------+----------------------

Vault maps used:
D:1:      dpeg_arrival_simpleton_a, kennysheep_decorative_pillar,
          minmay_tetromino_s2
D:3:      old_standard_altar, tgw_trog, okawaru_ov_weapons_minmay,
          chequers_ecumenical_altar_simple
